 Dungeon Crawl Stone Soup version 0.28-a0-834-g1a73be5ee4 (webtiles) character file.

Game seed: 1036024597366904978

70 Essalna the Firebug (level 4, -4/30 HPs)
             Began as a Demonspawn Fire Elementalist on Nov 11, 2021.
             Slain by a gnoll (6 damage)
             ... on level 2 of the Dungeon.
             The game lasted 00:02:52 (2268 turns).

Essalna the Firebug (Demonspawn Fire Elementalist)  Turns: 2268, Time: 00:02:52

Health: -4/30      AC:  3    Str:  8    XL:     4   Next: 3%
Magic:  15/17      EV: 12    Int: 17    God:
Gold:   64         SH:  0    Dex: 14    Spells: 5/8 levels left

rFire   . . .      SeeInvis .   d - +0 spear
rCold   . . .      Faith    .   (no shield)
rNeg    . . .      Spirit   .   a - +0 robe
rPois   .          Reflect  .   (no helmet)
rElec   .          Harm     .   (no cloak)
rCorr   .          Rampage  .   i - +0 pair of gloves
Will    .....                   (no boots)
Stlth   ++........              (no amulet)
HPRegen 0.10/turn               j - ring of magical power
MPRegen 0.15/turn               (no ring)

@: lethally poisoned (-4 -> -19)
A: demonic guardian 1
a: no special abilities


You were on level 2 of the Dungeon.
You visited 1 branch of the dungeon, and saw 3 of its levels.

You collected 64 gold pieces.

Inventory:

Hand Weapons
 d - a +0 spear (weapon)
Armour
 a - a +0 robe (worn)
 i - a +0 pair of gloves (worn)
Jewellery
 j - a ring of magical power (left hand)
Scrolls
 c - 2 scrolls of blinking {unknown}
 f - a scroll of acquirement {unknown}
Potions
 b - 3 potions of might {unknown}
 e - a potion of ambrosia {unknown}
 g - a potion of brilliance {unknown}
 h - 2 potions of curing {unknown}
 k - a potion of mutation {unknown}


   Skills:
 - Level 1.7 Dodging
 - Level 1.7 Stealth
 + Level 2.8 Spellcasting
 + Level 2.3 Conjurations
 + Level 3.3 Fire Magic


You had 5 spell levels left.
You knew the following spells:

 Your Spells              Type           Power      Damage    Failure   Level
a - Foxfire               Conj/Fire      48%        2x1d6     5%          1
b - Scorch                Fire           26%        2d6       7%          2

Your spell library contained the following spells:

 Spells                   Type           Power      Damage    Failure   Level
 Conjure Flame            Conj/Fire      12%        6-21      17%         3
 Inner Flame              Hex/Fire       8%         N/A       26%         3
 Tukima's Dance           Hex            2%         N/A       47%         3
 Flame Wave               Conj/Fire      12%        3d4       50%         4
 Cause Fear               Hex            1%         N/A       87%         4
 Passage of Golubria      Tloc           2%         N/A       87%         4
 Yara's Violent Unravell  Hex/Tmut       1%         3d3       99%         5
 Dragon Form              Tmut           1%         N/A       100%        7
 Dragon's Call            Summ           1%         N/A       100%        9


Dungeon Overview and Level Annotations

Branches:
Dungeon (3/15)

Altars:
Sif Muna

Annotations:
D:3 Ijyb


Innate Abilities, Weirdness & Mutations

A weak demonic guardian rushes to your aid.


Message History

No target in view!
Found a robe.
Done exploring.
Memorise Scorch, consuming 2 spell levels and leaving 5?
You start memorising the spell.
You continue memorising. x2
You finish memorising.
Spell assigned to 'b'.
Done exploring.
Done exploring.
Done exploring.
There is a stone staircase leading down here.
You climb downwards.
Found a sapphire potion.
There is a stone staircase leading up here.
There are monsters nearby!
You conjure some foxfire!
The gnoll shouts!
The gnoll closely misses you.
The gnoll shouts!
You hear a shout!
Ijyb shouts!
You hear a shout!
You conjure some foxfire!
The foxfire hits the gnoll.
The gnoll is moderately wounded.
The foxfire hits the gnoll.
The gnoll is moderately wounded.
A gnoll comes into view. It is wielding a +0 whip.
The foxfire hits the gnoll.
The gnoll is heavily wounded.
The gnoll hits you with a +0 whip of venom!
A demonic guardian appears!
You are lethally poisoned!
You are too injured to fight recklessly!
You feel very sick.
The gnoll hits you with a +0 whip of venom.
You are more poisoned.
You climb upwards.
Your summoned ally is left behind.
* * * LOW HITPOINT WARNING * * *
You feel extremely sick.
There is a stone staircase leading down here.
* * * LOW HITPOINT WARNING * * *
You feel very sick.
The gnoll hits you with a +0 whip of venom.
You die...

#.........#########.# #..###.
#........<# #...# ##..##.
#.........# ##.### ##.##.
#.........# ##..# #.##.
#.........#####..## #....
#)..............############.
#........>...................
##.)....##..#..##############
#..........@g.###### #.
#...........g......########.
#..........#................
###........####...>.........
#######.## #.............
###..#######...........
#...[..................
#########.....[........
###############..............


You could see 2 gnolls.

Vanquished Creatures
  3 adders (D:2)
  5 endoplasms
  3 giant cockroaches
  2 hobgoblins
  2 jackals (D:1)
  A quokka (D:2)
  4 ball pythons
  2 bats
  2 frilled lizards (D:1)
  5 goblins
  6 kobolds
  2 rats
37 creatures vanquished.

Vanquished Creatures (collateral kills)
  2 jackals (D:1)
2 creatures vanquished.

Vanquished Creatures (others)
  144 foxfires
144 creatures vanquished.

Grand Total: 183 creatures vanquished

Notes
Turn   | Place    | Note
-------+----------+-------------------------------------------
     0 | D:1      | Essalna the Demonspawn Fire Elementalist began the quest
                  | for the Orb.
     0 | D:1      | Reached XP level 1. HP: 13/13 MP: 3/3
    99 | D:1      | Found a faded altar of an unknown god.
   535 | D:1      | Gained mutation: A weak demonic guardian rushes to your
                  | aid. [demonic ancestry]
   535 | D:1      | Reached XP level 2. HP: 19/19 MP: 3/5
   667 | D:1      | Reached skill level 3 in Fire Magic
  1563 | D:2      | Reached XP level 3. HP: 24/24 MP: 1/6
  1768 | D:2      | Found a shimmering blue altar of Sif Muna.
  2194 | D:2      | Reached XP level 4. HP: 30/30 MP: 8/8
  2259 | D:2      | Learned a level 2 spell: Scorch
  2263 | D:3      | Noticed Ijyb
  2268 | D:2      | Slain by a gnoll

Illustrated notes

Levels and vault maps discovered:
D:1:      heliophobic_arrival_dark_side_of_the_moon, layout_basic,
          chequers_ecumenical_altar_lobes, minmay_bisected
D:2:      layout_rooms, basic_altar
D:3:      layout_loops_cross, gammafunk_ghost_cemetery, uniq_ijyb

Skill      XL: |  1  2  3 |
---------------+----------+-----
Fire Magic     | 3 |  3.3
Conjurations   | 2 |  2.3
Dodging        | |  1.7
Stealth        | |  1.7
Spellcasting   | |  2.8

Action                   |  1- 3 |  4- 6 || total
-------------------------+-------+-------++-------
Melee: Unarmed           |     3 |       ||     3
       Spear             |    23 |       ||    23
 Cast: Foxfire           |    80 |     5 ||    85
 Stab: Sleeping          |     1 |       ||     1
Armor: Robe              |     6 |       ||     6
Dodge: Dodged            |    18 |     1 ||    19

Table legend: (Time is in decaauts)
 A = Elapsed time spent in this place.
 B = Non-inter-level travel time spent in this place.
 C = Inter-level travel time spent in this place.
 D = Time resting spent in this place.
 E = Time spent auto-exploring this place.
 F = Levels seen in this place.
 G = Mean time per level.
                   A        B        C        D        E       F      G
               +--------+--------+--------+--------+--------+-----+--------+
         Total |   2269 |   2251 |     18 |      0 |   1993 |   3 |  756.3 |
       Dungeon |   2269 |   2251 |     18 |      0 |   1993 |   3 |  756.3 |
               +--------+--------+--------+--------+--------+-----+--------+

Top non-repeatable levels by time:
     D:1: 1499 daAuts
     D:2: 765 daAuts
     D:3: 3 daAuts
